Panthers vs Sabres

Created - October 12 2009 at 19:20

Simulating a Pre-Season

Goals
1 2 3 T
Panthers 0 0 2 2
Sabres 4 0 0 4
Shots
1 2 3 T
Panthers 6 5 10 21
Sabres 13 10 9 32

Period #1

1. Sabres , Thomas Vanek 1 (Mark Streit, Derek Roy) at 1:09 (PP)
2. Sabres , James Sheppard 1 (Blake Comeau, Mark Streit) at 2:54
3. Sabres , Nathan Horton 2 (Tuomo Ruutu, Mike Fisher) at 10:33
4. Sabres , Nathan Horton 3 (Toni Lydman, Mike Fisher) at 13:05

Penalties :
Maxim Afinogenov (FLA) for Holding (Minor) at 0:46, Jason Smith (FLA) for Goalie Interference (Minor) at 5:13, Mike Knuble (FLA) for Roughing (Minor) at 8:15, Henrik Zetterberg (BUF) for Hooking (Minor) at 13:23

Period #2

No Goal

Penalties :
Zdeno Chara (BUF) for Hooking (Minor) at 0:09, Nathan Horton (BUF) for Hooking (Minor) at 5:01, Christian Ehrhoff (FLA) for Holding (Minor) at 7:20, Zdeno Chara (BUF) for Hooking (Minor) at 10:41, Zdeno Chara (BUF) for Boarding (Minor) at 14:12, Toni Lydman (BUF) for Interference (Minor) at 16:37

Period #3

5. Panthers , Jim Slater 1 (Craig Rivet, Marc Methot) at 2:16
6. Panthers , Kris Russell 1 (Andy McDonald) at 15:35 (PP)

Penalties :
Henrik Zetterberg (BUF) for Hooking (Minor) at 0:09, Steven Goertzen (FLA) for Slashing (Minor) at 2:21, Nick Schultz (FLA) for Hooking (Minor) at 4:58, Mark Streit (BUF) for Interference (Minor) at 13:43, Mike Fisher (BUF) for High sticking (Minor) at 19:06

Goalie Stats

Jaroslav Halak (FLA), 8 saves from 12 shots - (0.667), L, 1-3-1, 13:05 minutes
Niklas Backstrom (FLA), 20 saves from 20 shots - (1.000), 46:55 minutes
Ryan Miller (BUF), 19 saves from 21 shots - (0.905), W, 6-1-0, 60:00 minutes

Players Stats

Panthers
Player Name              G  A  P  +/- PIM S  H  SB FO    MP 
------------------------------------------------------------
Andy McDonald            0  1  1  -2  0   1  0  1  10/22 19 
Anze Kopitar             0  0  0   0  0   3  0  0  12/19 15 
Bryan Little             0  0  0  -2  0   1  1  0  0/0   20 
Christian Ehrhoff        0  0  0   0  2   3  0  0  0/0   17 
Craig Rivet              0  1  1   0  0   0  0  2  0/0   19 
Jaroslav Spacek          0  0  0  -2  0   2  2  1  0/0   20 
Jason Chimera            0  0  0   0  0   0  1  0  0/0   10 
Jason Smith              0  0  0   0  2   0  0  1  0/0   14 
Jim Slater               1  0  1   0  0   1  0  0  0/0   12 
Josh Bailey              0  0  0   0  0   1  0  0  10/19 16 
Kris Russell             1  0  1  -2  0   3  1  1  0/0   21 
Marc Methot              0  1  1   1  0   1  2  1  0/0   20 
Maxim Afinogenov         0  0  0  -2  2   0  2  1  0/0   19 
Michael Peca             0  0  0   0  0   0  1  0  8/16  14 
Mike Knuble              0  0  0   0  2   1  0  0  1/4   14 
Nick Schultz             0  0  0  -1  2   0  4  1  0/0   15 
Patrick O'Sullivan       0  0  0   0  0   3  0  0  0/0   19 
Steven Goertzen          0  0  0   0  2   1  4  0  0/2   7  
Sabres
Player Name              G  A  P  +/- PIM S  H  SB FO    MP 
------------------------------------------------------------
Blake Comeau             0  1  1   1  0   1  1  0  0/0   10 
Derek Roy                0  1  1   0  0   2  1  0  11/24 20 
Henrik Zetterberg        0  0  0   0  4   2  0  1  13/20 21 
James Sheppard           1  0  1   1  0   1  0  0  5/10  7  
Jiri Novotny             0  0  0   0  0   0  0  0  0/0   0  
Johan Franzen            0  0  0   0  0   0  1  1  0/1   19 
Keith Ballard            0  0  0   0  0   2  2  2  0/0   20 
Mark Streit              0  2  2   1  2   2  2  0  0/0   22 
Martin Havlat            0  0  0   0  0   2  0  0  3/9   21 
Mike Fisher              0  2  2   1  2   1  1  0  7/13  12 
Nathan Horton            2  0  2   1  2   4  0  0  0/1   12 
Nicklas Lidstrom         0  0  0   0  0   7  0  0  0/0   24 
Ossi Vaananen            0  0  0   1  0   1  0  1  0/0   12 
Paul Gaustad             0  0  0   1  0   0  0  0  0/1   9  
Thomas Vanek             1  0  1   0  0   4  0  0  2/3   15 
Toni Lydman              0  1  1   1  2   1  1  0  0/0   15 
Tuomo Ruutu              0  1  1   1  0   1  2  0  0/0   19 
Zdeno Chara              0  0  0   1  6   1  3  0  0/0   25 

3 Stars

1 - Niklas Backstrom (FLA)
2 - Nathan Horton (BUF)
3 - James Sheppard (BUF)

Power Play

Panthers - 1 on 9 Attempt(s) - 11.11%
Sabres - 1 on 6 Attempt(s) - 16.67%

Penalty Kill

Panthers - 5 on 6 Attempt(s) - 83.33% - Score 0 goal in Penalty Kill
Sabres - 8 on 9 Attempt(s) - 88.89% - Score 0 goal in Penalty Kill

Game Notes

Niklas Backstrom enters game at 13:05 of 1st period

Play by Play

Period #1

0:01 of 1st period - Anze Kopitar wins face-off versus Henrik Zetterberg in neutral zone.
0:06 of 1st period - Shot by Mike Knuble.
0:06 of 1st period - Stopped by Ryan Miller without a rebound.
0:07 of 1st period - Derek Roy wins face-off versus Andy McDonald in Sabres zone.
0:12 of 1st period - Maxim Afinogenov is hit by Tuomo Ruutu and loses puck.
0:21 of 1st period - Shot by Johan Franzen.
0:21 of 1st period - Shot Blocked by Andy McDonald.
0:46 of 1st period - Minor Penalty to Maxim Afinogenov for Holding.
0:47 of 1st period - Henrik Zetterberg wins face-off versus Josh Bailey in Panthers zone.
0:54 of 1st period - Shot by Nicklas Lidstrom.
0:54 of 1st period - Stopped by Jaroslav Halak with a rebound.
0:58 of 1st period - Shot by Henrik Zetterberg.
0:58 of 1st period - Deflect By Johan Franzen.
0:58 of 1st period - Shot Misses the Net.
1:00 of 1st period - Shot by Tuomo Ruutu.
1:00 of 1st period - Stopped by Jaroslav Halak without a rebound.
1:01 of 1st period - Michael Peca wins face-off versus Derek Roy in Panthers zone.
1:07 of 1st period - Shot by Mark Streit.
1:07 of 1st period - Shot Misses the Net.
1:09 of 1st period - Shot by Thomas Vanek.
1:09 of 1st period - Goal by Thomas Vanek - Panthers : 0 - Sabres : 1.
1:10 of 1st period - Anze Kopitar wins face-off versus Martin Havlat in neutral zone.
1:37 of 1st period - Shot by Mike Knuble.
1:37 of 1st period - Deflect By Patrick O'Sullivan.
1:37 of 1st period - Shot Misses the Net.
1:43 of 1st period - Shot by Nicklas Lidstrom.
1:43 of 1st period - Stopped by Jaroslav Halak without a rebound.
1:44 of 1st period - Mike Fisher wins face-off versus Josh Bailey in Panthers zone.
2:12 of 1st period - Icing by Ossi Vaananen.
2:13 of 1st period - Andy McDonald wins face-off versus Mike Fisher in Sabres zone.
2:13 of 1st period - Kris Russell is hit by Toni Lydman and loses puck.
2:35 of 1st period - Andy McDonald is hit by Zdeno Chara and loses puck.
2:52 of 1st period - Shot by Blake Comeau.
2:52 of 1st period - Shot Misses the Net.
2:54 of 1st period - Shot by James Sheppard.
2:54 of 1st period - Goal by James Sheppard - Panthers : 0 - Sabres : 2.
2:55 of 1st period - Anze Kopitar wins face-off versus Henrik Zetterberg in neutral zone.
3:05 of 1st period - Shot by Henrik Zetterberg.
3:05 of 1st period - Deflect By Martin Havlat.
3:05 of 1st period - Shot Misses the Net.
3:30 of 1st period - Martin Havlat is hit by Jaroslav Spacek and loses puck.
4:13 of 1st period - Shot by Derek Roy.
4:13 of 1st period - Shot Misses the Net.
4:15 of 1st period - Shot by Derek Roy.
4:15 of 1st period - Stopped by Jaroslav Halak without a rebound.
4:16 of 1st period - Andy McDonald wins face-off versus Nathan Horton in Panthers zone.
4:20 of 1st period - Off-side.
4:21 of 1st period - Mike Fisher wins face-off versus Andy McDonald in neutral zone.
4:38 of 1st period - Henrik Zetterberg is hit by Nick Schultz and loses puck.
4:41 of 1st period - Shot by Toni Lydman.
4:41 of 1st period - Stopped by Jaroslav Halak without a rebound.
4:42 of 1st period - Josh Bailey wins face-off versus James Sheppard in Panthers zone.
5:12 of 1st period - Icing by Jason Smith.
5:13 of 1st period - Mike Fisher wins face-off versus Josh Bailey in Panthers zone.
5:13 of 1st period - Minor Penalty to Jason Smith for Goalie Interference.
5:14 of 1st period - Derek Roy wins face-off versus Michael Peca in Panthers zone.
5:45 of 1st period - Shot by Martin Havlat.
5:45 of 1st period - Shot Misses the Net.
6:25 of 1st period - Off-side.
6:26 of 1st period - Henrik Zetterberg wins face-off versus Michael Peca in neutral zone.
7:14 of 1st period - Shot by Mike Fisher.
7:14 of 1st period - Shot Misses the Net.
7:28 of 1st period - Shot by Nathan Horton.
7:28 of 1st period - Stopped by Jaroslav Halak without a rebound.
7:29 of 1st period - Anze Kopitar wins face-off versus Mike Fisher in Panthers zone.
7:36 of 1st period - Shot by Anze Kopitar.
7:36 of 1st period - Stopped by Ryan Miller without a rebound.
7:37 of 1st period - Andy McDonald wins face-off versus James Sheppard in Sabres zone.
8:12 of 1st period - Icing by Blake Comeau.
8:13 of 1st period - Anze Kopitar wins face-off versus Paul Gaustad in Sabres zone.
8:15 of 1st period - Minor Penalty to Mike Knuble for Roughing.
8:16 of 1st period - Derek Roy wins face-off versus Josh Bailey in Panthers zone.
10:12 of 1st period - Icing by Derek Roy.
10:13 of 1st period - Derek Roy wins face-off versus Josh Bailey in Sabres zone.
10:29 of 1st period - Shot by Tuomo Ruutu.
10:29 of 1st period - Shot Misses the Net.
10:33 of 1st period - Shot by Nathan Horton.
10:33 of 1st period - Goal by Nathan Horton - Panthers : 0 - Sabres : 3.
10:34 of 1st period - Josh Bailey wins face-off versus James Sheppard in neutral zone.
10:51 of 1st period - Shot by Christian Ehrhoff.
10:51 of 1st period - Stopped by Ryan Miller with a rebound.
10:55 of 1st period - Shot by Jason Chimera.
10:55 of 1st period - Deflect By Josh Bailey.
10:55 of 1st period - Stopped by Ryan Miller without a rebound.
10:56 of 1st period - Mike Fisher wins face-off versus Andy McDonald in Sabres zone.
11:59 of 1st period - Shot by Martin Havlat.
11:59 of 1st period - Stopped by Jaroslav Halak with a rebound.
12:01 of 1st period - Shot by Zdeno Chara.
12:01 of 1st period - Stopped by Jaroslav Halak without a rebound.
12:02 of 1st period - Josh Bailey wins face-off versus Derek Roy in Panthers zone.
12:27 of 1st period - Shot by Josh Bailey.
12:27 of 1st period - Shot Misses the Net.
12:29 of 1st period - Shot by Jason Chimera.
12:29 of 1st period - Shot Blocked by Johan Franzen.
13:05 of 1st period - Shot by Nathan Horton.
13:05 of 1st period - Goal by Nathan Horton - Panthers : 0 - Sabres : 4.
13:05 of 1st period - Niklas Backstrom enters game.
13:06 of 1st period - Henrik Zetterberg wins face-off versus Andy McDonald in neutral zone.
13:23 of 1st period - Minor Penalty to Henrik Zetterberg for Hooking.
13:24 of 1st period - Anze Kopitar wins face-off versus Martin Havlat in Sabres zone.
13:32 of 1st period - Icing by Christian Ehrhoff.
13:33 of 1st period - Anze Kopitar wins face-off versus Martin Havlat in Panthers zone.
13:33 of 1st period - Anze Kopitar is hit by Johan Franzen.
13:38 of 1st period - Icing by Mike Knuble.
13:39 of 1st period - Anze Kopitar wins face-off versus Derek Roy in Panthers zone.
13:39 of 1st period - Anze Kopitar is hit by Derek Roy.
13:47 of 1st period - Icing by Christian Ehrhoff.
13:48 of 1st period - Derek Roy wins face-off versus Anze Kopitar in Panthers zone.
14:26 of 1st period - Johan Franzen is hit by Maxim Afinogenov.
14:29 of 1st period - Thomas Vanek is hit by Maxim Afinogenov and loses puck.
14:34 of 1st period - Shot by Kris Russell.
14:34 of 1st period - Stopped by Ryan Miller without a rebound.
14:35 of 1st period - Andy McDonald wins face-off versus Martin Havlat in Sabres zone.
14:35 of 1st period - Bryan Little is hit by Keith Ballard and loses puck.
15:17 of 1st period - Shot by Jaroslav Spacek.
15:17 of 1st period - Shot Blocked by Keith Ballard.
15:19 of 1st period - Shot by Patrick O'Sullivan.
15:19 of 1st period - Shot Misses the Net.
15:21 of 1st period - Shot by Christian Ehrhoff.
15:21 of 1st period - Shot Blocked by Keith Ballard.
15:23 of 1st period - Shot by Mike Knuble.
15:23 of 1st period - Shot Misses the Net.
16:26 of 1st period - Icing by Christian Ehrhoff.
16:27 of 1st period - James Sheppard wins face-off versus Josh Bailey in Panthers zone.
16:57 of 1st period - Icing by Mark Streit.
16:58 of 1st period - James Sheppard wins face-off versus Andy McDonald in Sabres zone.
16:58 of 1st period - James Sheppard is hit by Bryan Little.
17:28 of 1st period - Shot by Thomas Vanek.
17:28 of 1st period - Stopped by Niklas Backstrom without a rebound.
17:29 of 1st period - Derek Roy wins face-off versus Mike Knuble in Panthers zone.
17:53 of 1st period - Anze Kopitar is hit by Keith Ballard and loses puck.
17:58 of 1st period - Shot by Patrick O'Sullivan.
17:58 of 1st period - Stopped by Ryan Miller without a rebound.
17:59 of 1st period - Henrik Zetterberg wins face-off versus Josh Bailey in Sabres zone.
18:23 of 1st period - Shot by Martin Havlat.
18:23 of 1st period - Shot Misses the Net.
18:38 of 1st period - Icing by Zdeno Chara.
18:39 of 1st period - Martin Havlat wins face-off versus Steven Goertzen in Sabres zone.
18:39 of 1st period - Henrik Zetterberg is hit by Steven Goertzen and loses puck.
19:06 of 1st period - Shot by Michael Peca.
19:06 of 1st period - Shot Misses the Net.
19:26 of 1st period - Shot by Maxim Afinogenov.
19:26 of 1st period - Shot Misses the Net.

Period #2

0:01 of 2nd period - Anze Kopitar wins face-off versus Thomas Vanek in neutral zone.
0:03 of 2nd period - Mike Knuble is hit by Zdeno Chara and loses puck.
0:09 of 2nd period - Minor Penalty to Zdeno Chara for Hooking.
0:10 of 2nd period - Andy McDonald wins face-off versus Derek Roy in Sabres zone.
0:23 of 2nd period - Shot by Andy McDonald.
0:23 of 2nd period - Shot Misses the Net.
0:25 of 2nd period - Shot by Andy McDonald.
0:25 of 2nd period - Shot Misses the Net.
0:27 of 2nd period - Shot by Marc Methot.
0:27 of 2nd period - Stopped by Ryan Miller with a rebound.
0:29 of 2nd period - Shot by Marc Methot.
0:29 of 2nd period - Shot Misses the Net.
0:31 of 2nd period - Shot by Andy McDonald.
0:31 of 2nd period - Stopped by Ryan Miller without a rebound.
0:32 of 2nd period - Anze Kopitar wins face-off versus Henrik Zetterberg in Sabres zone.
2:15 of 2nd period - Shot by Nathan Horton.
2:15 of 2nd period - Shot Misses the Net.
2:17 of 2nd period - Shot by Toni Lydman.
2:17 of 2nd period - Shot Blocked by Craig Rivet.
2:19 of 2nd period - Shot by Ossi Vaananen.
2:19 of 2nd period - Stopped by Niklas Backstrom with a rebound.
2:23 of 2nd period - Shot by Nathan Horton.
2:23 of 2nd period - Shot Blocked by Jaroslav Spacek.
2:34 of 2nd period - Icing by Jaroslav Spacek.
2:35 of 2nd period - James Sheppard wins face-off versus Michael Peca in Panthers zone.
3:43 of 2nd period - Shot by Nathan Horton.
3:43 of 2nd period - Stopped by Niklas Backstrom without a rebound.
3:44 of 2nd period - Derek Roy wins face-off versus Andy McDonald in Panthers zone.
4:04 of 2nd period - Derek Roy is hit by Nick Schultz and loses puck.
5:00 of 2nd period - Off-side.
5:01 of 2nd period - Josh Bailey wins face-off versus Mike Fisher in neutral zone.
5:01 of 2nd period - Minor Penalty to Nathan Horton for Hooking.
5:02 of 2nd period - Henrik Zetterberg wins face-off versus Mike Knuble in Sabres zone.
5:31 of 2nd period - Shot by Christian Ehrhoff.
5:31 of 2nd period - Shot Blocked by Henrik Zetterberg.
6:49 of 2nd period - Shot by Patrick O'Sullivan.
6:49 of 2nd period - Stopped by Ryan Miller with a rebound.
6:51 of 2nd period - Shot by Patrick O'Sullivan.
6:51 of 2nd period - Shot Misses the Net.
6:55 of 2nd period - Shot by Christian Ehrhoff.
6:55 of 2nd period - Stopped by Ryan Miller without a rebound.
6:56 of 2nd period - Josh Bailey wins face-off versus Derek Roy in Sabres zone.
7:20 of 2nd period - Minor Penalty to Christian Ehrhoff for Holding.
7:21 of 2nd period - Derek Roy wins face-off versus Michael Peca in Panthers zone.
7:28 of 2nd period - Shot by Mark Streit.
7:28 of 2nd period - Stopped by Niklas Backstrom with a rebound.
7:30 of 2nd period - Shot by Keith Ballard.
7:30 of 2nd period - Shot Misses the Net.
7:32 of 2nd period - Shot by Derek Roy.
7:32 of 2nd period - Stopped by Niklas Backstrom with a rebound.
7:34 of 2nd period - Shot by Mark Streit.
7:34 of 2nd period - Stopped by Niklas Backstrom without a rebound.
7:35 of 2nd period - Henrik Zetterberg wins face-off versus Michael Peca in Panthers zone.
7:40 of 2nd period - Shot by Johan Franzen.
7:40 of 2nd period - Shot Misses the Net.
7:42 of 2nd period - Shot by Henrik Zetterberg.
7:42 of 2nd period - Shot Misses the Net.
7:44 of 2nd period - Shot by Zdeno Chara.
7:44 of 2nd period - Shot Blocked by Jason Smith.
7:46 of 2nd period - Shot by Nicklas Lidstrom.
7:46 of 2nd period - Stopped by Niklas Backstrom with a rebound.
7:48 of 2nd period - Shot by Henrik Zetterberg.
7:48 of 2nd period - Shot Misses the Net.
7:50 of 2nd period - Shot by Henrik Zetterberg.
7:50 of 2nd period - Shot Misses the Net.
7:54 of 2nd period - Shot by Nicklas Lidstrom.
7:54 of 2nd period - Shot Misses the Net.
7:58 of 2nd period - Shot by Nicklas Lidstrom.
7:58 of 2nd period - Stopped by Niklas Backstrom without a rebound.
7:59 of 2nd period - Thomas Vanek wins face-off versus Josh Bailey in Panthers zone.
8:12 of 2nd period - Shot by Keith Ballard.
8:12 of 2nd period - Shot Blocked by Craig Rivet.
8:24 of 2nd period - Shot by Derek Roy.
8:24 of 2nd period - Shot Blocked by Marc Methot.
8:26 of 2nd period - Shot by Derek Roy.
8:26 of 2nd period - Shot Misses the Net.
8:28 of 2nd period - Shot by Keith Ballard.
8:28 of 2nd period - Stopped by Niklas Backstrom without a rebound.
8:29 of 2nd period - Henrik Zetterberg wins face-off versus Michael Peca in Panthers zone.
9:31 of 2nd period - Shot by Tuomo Ruutu.
9:31 of 2nd period - Shot Misses the Net.
9:49 of 2nd period - Shot by Nathan Horton.
9:49 of 2nd period - Shot Blocked by Nick Schultz.
9:51 of 2nd period - Shot by Toni Lydman.
9:51 of 2nd period - Shot Misses the Net.
9:53 of 2nd period - Shot by Mike Fisher.
9:53 of 2nd period - Shot Blocked by Kris Russell.
9:55 of 2nd period - Shot by Mike Fisher.
9:55 of 2nd period - Stopped by Niklas Backstrom without a rebound.
9:56 of 2nd period - James Sheppard wins face-off versus Steven Goertzen in Panthers zone.
10:01 of 2nd period - Shot by Blake Comeau.
10:01 of 2nd period - Stopped by Niklas Backstrom without a rebound.
10:02 of 2nd period - James Sheppard wins face-off versus Anze Kopitar in Panthers zone.
10:24 of 2nd period - Icing by Zdeno Chara.
10:25 of 2nd period - Josh Bailey wins face-off versus James Sheppard in Sabres zone.
10:41 of 2nd period - Minor Penalty to Zdeno Chara for Hooking.
10:42 of 2nd period - Derek Roy wins face-off versus Andy McDonald in Sabres zone.
13:48 of 2nd period - Off-side.
13:49 of 2nd period - Thomas Vanek wins face-off versus Andy McDonald in neutral zone.
14:12 of 2nd period - Minor Penalty to Zdeno Chara for Boarding.
14:13 of 2nd period - Derek Roy wins face-off versus Anze Kopitar in Sabres zone.
14:21 of 2nd period - Patrick O'Sullivan is hit by Mark Streit and loses puck.
14:43 of 2nd period - Mike Knuble is hit by Mark Streit and loses puck.
16:37 of 2nd period - Minor Penalty to Toni Lydman for Interference.
16:38 of 2nd period - Henrik Zetterberg wins face-off versus Anze Kopitar in Sabres zone.
17:03 of 2nd period - Shot by Anze Kopitar.
17:03 of 2nd period - Shot Misses the Net.
17:05 of 2nd period - Shot by Christian Ehrhoff.
17:05 of 2nd period - Stopped by Ryan Miller with a rebound.
17:28 of 2nd period - Off-side.
17:29 of 2nd period - Andy McDonald wins face-off versus Henrik Zetterberg in neutral zone.
18:26 of 2nd period - Shot by Jason Chimera.
18:26 of 2nd period - Deflect By Josh Bailey.
18:26 of 2nd period - Shot Hit the Post.
18:30 of 2nd period - Shot by Steven Goertzen.
18:30 of 2nd period - Shot Misses the Net.
18:52 of 2nd period - Toni Lydman is hit by Michael Peca and loses puck.

Period #3

0:01 of 3rd period - Henrik Zetterberg wins face-off versus Mike Knuble in neutral zone.
0:09 of 3rd period - Minor Penalty to Henrik Zetterberg for Hooking.
0:10 of 3rd period - Andy McDonald wins face-off versus Derek Roy in Sabres zone.
0:13 of 3rd period - Shot by Bryan Little.
0:13 of 3rd period - Stopped by Ryan Miller without a rebound.
0:14 of 3rd period - Martin Havlat wins face-off versus Anze Kopitar in Sabres zone.
0:27 of 3rd period - Shot by Patrick O'Sullivan.
0:27 of 3rd period - Stopped by Ryan Miller without a rebound.
0:28 of 3rd period - Andy McDonald wins face-off versus Martin Havlat in Sabres zone.
0:31 of 3rd period - Shot by Kris Russell.
0:31 of 3rd period - Shot Misses the Net.
0:33 of 3rd period - Shot by Kris Russell.
0:33 of 3rd period - Stopped by Ryan Miller without a rebound.
0:34 of 3rd period - Martin Havlat wins face-off versus Andy McDonald in Sabres zone.
1:28 of 3rd period - Shot by Jaroslav Spacek.
1:28 of 3rd period - Shot Misses the Net.
1:32 of 3rd period - Shot by Anze Kopitar.
1:32 of 3rd period - Stopped by Ryan Miller with a rebound.
2:10 of 3rd period - Shot by Jim Slater.
2:10 of 3rd period - Shot Misses the Net.
2:12 of 3rd period - Shot by Craig Rivet.
2:12 of 3rd period - Shot Misses the Net.
2:16 of 3rd period - Shot by Jim Slater.
2:16 of 3rd period - Goal by Jim Slater - Panthers : 1 - Sabres : 4.
2:17 of 3rd period - Michael Peca wins face-off versus Mike Fisher in neutral zone.
2:20 of 3rd period - Tuomo Ruutu is hit by Steven Goertzen and loses puck.
2:21 of 3rd period - Minor Penalty to Steven Goertzen for Slashing.
2:22 of 3rd period - Michael Peca wins face-off versus Derek Roy in Panthers zone.
2:30 of 3rd period - Off-side.
2:31 of 3rd period - Michael Peca wins face-off versus Henrik Zetterberg in neutral zone.
2:37 of 3rd period - Icing by Nicklas Lidstrom.
2:38 of 3rd period - Michael Peca wins face-off versus Henrik Zetterberg in Sabres zone.
3:27 of 3rd period - Mark Streit is hit by Marc Methot and loses puck.
3:30 of 3rd period - Shot by Keith Ballard.
3:30 of 3rd period - Stopped by Niklas Backstrom with a rebound.
3:34 of 3rd period - Shot by Martin Havlat.
3:34 of 3rd period - Stopped by Niklas Backstrom without a rebound.
3:35 of 3rd period - Michael Peca wins face-off versus Derek Roy in Panthers zone.
4:28 of 3rd period - Tuomo Ruutu is hit by Kris Russell and loses puck.
4:58 of 3rd period - Minor Penalty to Nick Schultz for Hooking.
4:59 of 3rd period - Josh Bailey wins face-off versus Henrik Zetterberg in Panthers zone.
5:13 of 3rd period - Johan Franzen is hit by Marc Methot and loses puck.
6:38 of 3rd period - Shot by Henrik Zetterberg.
6:38 of 3rd period - Stopped by Niklas Backstrom with a rebound.
6:40 of 3rd period - Shot by Nicklas Lidstrom.
6:40 of 3rd period - Stopped by Niklas Backstrom without a rebound.
6:41 of 3rd period - Josh Bailey wins face-off versus Derek Roy in Panthers zone.
8:04 of 3rd period - Off-side.
8:05 of 3rd period - Henrik Zetterberg wins face-off versus Anze Kopitar in neutral zone.
8:40 of 3rd period - Shot by Anze Kopitar.
8:40 of 3rd period - Stopped by Ryan Miller without a rebound.
8:41 of 3rd period - Josh Bailey wins face-off versus Derek Roy in Sabres zone.
8:44 of 3rd period - Shot by Marc Methot.
8:44 of 3rd period - Shot Misses the Net.
9:33 of 3rd period - Shot by Henrik Zetterberg.
9:33 of 3rd period - Stopped by Niklas Backstrom without a rebound.
9:34 of 3rd period - Michael Peca wins face-off versus James Sheppard in Panthers zone.
9:34 of 3rd period - Michael Peca is hit by Blake Comeau.
10:07 of 3rd period - Jim Slater is hit by Zdeno Chara and loses puck.
10:29 of 3rd period - Nathan Horton is hit by Nick Schultz.
10:48 of 3rd period - Nathan Horton is hit by Nick Schultz and loses puck.
11:21 of 3rd period - Keith Ballard is hit by Jason Chimera and loses puck.
11:55 of 3rd period - Icing by Johan Franzen.
11:56 of 3rd period - Michael Peca wins face-off versus Derek Roy in Sabres zone.
12:01 of 3rd period - Shot by Steven Goertzen.
12:01 of 3rd period - Stopped by Ryan Miller without a rebound.
12:02 of 3rd period - Mike Knuble wins face-off versus Mike Fisher in Sabres zone.
12:03 of 3rd period - Shot by Anze Kopitar.
12:03 of 3rd period - Shot Blocked by Ossi Vaananen.
12:05 of 3rd period - Shot by Jaroslav Spacek.
12:05 of 3rd period - Stopped by Ryan Miller without a rebound.
12:06 of 3rd period - Mike Fisher wins face-off versus Michael Peca in Sabres zone.
12:06 of 3rd period - Mike Fisher is hit by Steven Goertzen.
12:24 of 3rd period - Mike Fisher is hit by Steven Goertzen.
12:27 of 3rd period - Icing by Nathan Horton.
12:28 of 3rd period - Josh Bailey wins face-off versus Mike Fisher in Sabres zone.
12:37 of 3rd period - Josh Bailey is hit by Tuomo Ruutu and loses puck.
13:43 of 3rd period - Minor Penalty to Mark Streit for Interference.
13:44 of 3rd period - Anze Kopitar wins face-off versus Martin Havlat in Sabres zone.
13:57 of 3rd period - Shot by Anze Kopitar.
13:57 of 3rd period - Shot Misses the Net.
13:59 of 3rd period - Shot by Jaroslav Spacek.
13:59 of 3rd period - Stopped by Ryan Miller without a rebound.
14:00 of 3rd period - Derek Roy wins face-off versus Andy McDonald in Sabres zone.
14:21 of 3rd period - Shot by Jaroslav Spacek.
14:21 of 3rd period - Shot Misses the Net.
14:30 of 3rd period - Icing by Andy McDonald.
14:31 of 3rd period - Andy McDonald wins face-off versus Derek Roy in Panthers zone.
15:06 of 3rd period - Shot by Nicklas Lidstrom.
15:06 of 3rd period - Stopped by Niklas Backstrom without a rebound.
15:07 of 3rd period - Henrik Zetterberg wins face-off versus Anze Kopitar in Panthers zone.
15:07 of 3rd period - Henrik Zetterberg is hit by Jaroslav Spacek.
15:25 of 3rd period - Shot by Nicklas Lidstrom.
15:25 of 3rd period - Shot Misses the Net.
15:27 of 3rd period - Shot by Nicklas Lidstrom.
15:27 of 3rd period - Stopped by Niklas Backstrom without a rebound.
15:28 of 3rd period - Andy McDonald wins face-off versus Derek Roy in Panthers zone.
15:35 of 3rd period - Shot by Kris Russell.
15:35 of 3rd period - Goal by Kris Russell - Panthers : 2 - Sabres : 4.
15:36 of 3rd period - Mike Fisher wins face-off versus Michael Peca in neutral zone.
17:03 of 3rd period - Shot by Blake Comeau.
17:03 of 3rd period - Shot Blocked by Maxim Afinogenov.
17:13 of 3rd period - Shot by Henrik Zetterberg.
17:13 of 3rd period - Shot Misses the Net.
17:25 of 3rd period - Shot by Thomas Vanek.
17:25 of 3rd period - Stopped by Niklas Backstrom without a rebound.
17:26 of 3rd period - Anze Kopitar wins face-off versus Johan Franzen in Panthers zone.
18:31 of 3rd period - Icing by Zdeno Chara.
18:32 of 3rd period - Henrik Zetterberg wins face-off versus Andy McDonald in Sabres zone.
18:47 of 3rd period - Shot by Thomas Vanek.
18:47 of 3rd period - Stopped by Niklas Backstrom without a rebound.
18:48 of 3rd period - Mike Fisher wins face-off versus Josh Bailey in Panthers zone.
19:05 of 3rd period - Jason Smith is hit by Mike Fisher and loses puck.
19:06 of 3rd period - Minor Penalty to Mike Fisher for High sticking.
19:07 of 3rd period - Henrik Zetterberg wins face-off versus Andy McDonald in Sabres zone.


Output by the SimonT Hockey Simulator (STHS) for Stephane Roy -- Original Page W3C XHTML 1.0 Valid